 Dungeon Crawl Stone Soup version 0.30.0-11-gf55b779eaf (webtiles) character file.

Game seed: 15139722777600562205

175 croobank the Trooper (level 5, -3/47 HPs)
             Began as a Gnoll Wanderer on May 16, 2023.
             Splashed by a jelly's acid (11 damage)
             ... on level 4 of the Dungeon.
             The game lasted 00:09:35 (3143 turns).

croobank the Trooper (Gnoll Wanderer)               Turns: 3143, Time: 00:09:36

Health: -3/47      AC: -10   Str:  8    XL:     5   Next: 55%
Magic:  18/18      EV: 12    Int: 15    God:
Gold:   129        SH:  0    Dex: 13    Spells: 4/10 levels left

rFire   . . .        a - +0 dagger (speed)
rCold   + . .        (no shield)
rNeg    . . .        k - +1 leather armour {rC+}
rPois   +            (no helmet)
rElec   .            x - +0 cloak
rCorr   .            (no gloves)
SInv    .            (no boots)
Will    .....        (no amulet)
Stlth   ++           o - ring of poison resistance
HPRegen 0.27/turn    r - ring of magical power
MPRegen 0.16/turn

%: no passive effects
@: corroded
A: fangs 1, strong nose, distributed training
a: no special abilities


You were on level 4 of the Dungeon.
You visited 1 branch of the dungeon, and saw 4 of its levels.

You collected 129 gold pieces.

Inventory:

Hand Weapons
 a - a +0 dagger of speed (weapon)
 b - a +0 sling
 f - a +0 quarterstaff
 g - a +0 short sword
 p - a +2 dagger of draining
 q - a +0 war axe
Armour
 d - a +0 robe
 k - a +1 leather armour of cold resistance (worn)
 v - a +1 scale mail of fire resistance
 x - a +0 cloak (worn)
Jewellery
 o - a ring of poison resistance (left hand)
 r - a ring of magical power (right hand)
 s - an amulet of faith
 y - a +6 ring of strength
Scrolls
 e - a scroll of brand weapon {unknown}
 i - a scroll of poison {unknown}
 j - a scroll of noise {unknown}
 m - 3 scrolls of identify {unknown}
 n - 4 scrolls of fog {unknown}
 t - a scroll of enchant weapon {unknown}
 w - a scroll of silence {unknown}
Potions
 c - 2 potions of haste
 h - 2 potions of flight
 l - a potion of mutation {unknown}
 u - a potion of curing {unknown}
 z - a potion of degeneration {unknown}


   Skills:
 + Level 6.7 Fighting
 + Level 1.6 Short Blades
 + Level 1.6 Long Blades
 + Level 1.6 Axes
 + Level 1.6 Maces & Flails
 + Level 1.6 Polearms
 + Level 3.0 Staves
 + Level 1.6 Ranged Weapons
 + Level 1.6 Throwing
 + Level 1.6 Armour
 + Level 3.0 Dodging
 + Level 4.4 Stealth
 + Level 1.6 Shields
 + Level 1.6 Unarmed Combat
 + Level 3.2 Spellcasting
 + Level 1.3 Conjurations
 + Level 4.0 Hexes
 + Level 1.3 Summonings
 + Level 1.3 Necromancy
 + Level 1.3 Translocations
 + Level 1.3 Transmutations
 + Level 1.3 Fire Magic
 + Level 1.3 Ice Magic
 + Level 1.3 Air Magic
 + Level 1.3 Earth Magic
 + Level 1.3 Poison Magic
 + Level 1.8 Invocations
 + Level 1.6 Evocations


You had 4 spell levels left.
You knew the following spells:

 Your Spells              Type           Power      Damage    Failure   Level
a - Slow                  Hex            56%        N/A       5%          1
b - Blink                 Tloc           12%        N/A       24%         2
c - Inner Flame           Hex/Fire       10%        N/A       28%         3

Your spell library contained the following spells:

 Spells                   Type           Power      Damage    Failure   Level
 Necrotise                Necr           24%        1d5       16%         1
 Lesser Beckoning         Tloc           12%        N/A       24%         2
 Momentum Strike          Conj/Tloc      12%        3d8       24%         2
 Portal Projectile        Hex/Tloc       20%        N/A       28%         3
 Vampiric Draining        Necr           6%         2d6       43%         3
 Agony                    Necr           6%         N/A       99%         5


Dungeon Overview and Level Annotations

Branches:
Dungeon (4/15)
 Temple: D:4-7

Altars:

Shops:
D:2 (


Innate Abilities, Weirdness & Mutations

You have very sharp teeth.
Your uncanny sense of smell can sniff out nearby items.
Your experience applies equally to all skills.


Message History

You hit the jelly.
Your hands burn!
You bite the jelly.
The jelly is moderately wounded.
You hit the jelly.
Your hands burn!
The jelly is heavily wounded.
The jelly hits you but does no damage.
You hit the jelly. The acid corrodes you!
Your hands burn!
The jelly is severely wounded.
You hit the jelly but do no damage. The acid corrodes you!
Your hands burn!
The jelly is severely wounded.
You hit the jelly but do no damage. The acid corrodes you!
Your hands burn!
The jelly is severely wounded.
The jelly barely misses you.
You hit the jelly but do no damage.
Your hands burn!
The jelly is severely wounded.
You hit the jelly but do no damage. The acid corrodes you!
Your hands burn!
The jelly is severely wounded.
The jelly barely misses you.
You barely miss the jelly.
The jelly is severely wounded.
You hit the jelly.
Your hands burn!
The jelly is almost dead.
The jelly hits you.
You are splashed with acid!
You hit the jelly but do no damage.
Your hands burn!
The jelly is almost dead.
You hit the jelly but do no damage.
Your hands burn!
You bite the jelly, but do no damage.
The jelly is almost dead.
The jelly closely misses you.
You hit the jelly but do no damage.
Your hands burn!
The jelly is almost dead.
You hit the jelly but do no damage.
Your hands burn!
* * * LOW HITPOINT WARNING * * *
The jelly is almost dead.
You hit the jelly but do no damage.
Your hands burn!
* * * LOW HITPOINT WARNING * * *
The jelly is almost dead.
The jelly hits you.
* * * LOW HITPOINT WARNING * * *
The acid corrodes you!
You are splashed with acid!
You die...

#.#.#.#.#.............
.#.#.......##.#.......#.
#.#.#......+#.#.####..##
#.#..........#.###...#
#)#.#.#.............#
.#.#.#.#....#####....
#.#.#.#...†.##.#....##
.#.#.#.#.......#.#..
.#.J@......##.#
......######).# # #...#
#..# ... #..# # #.<#
∆#..# ∆ #.[. #..# ....


You could see a jelly (slow).

Vanquished Creatures
  Terence (D:3)
  4 gnolls (D:3)
  4 adders
  2 dart slugs
  6 orcs (D:3)
  3 bats
  3 endoplasms
  3 giant cockroaches
  8 hobgoblins
  3 jackals (D:1)
  A quokka (D:2)
  6 ball pythons
  3 frilled lizards
  6 goblins
  9 kobolds
  5 rats
67 creatures vanquished.

Notes
Turn   | Place    | Note
-------+----------+-------------------------------------------
     0 | D:1      | croobank the Gnoll Wanderer began the quest for the Orb.
     0 | D:1      | croobank set off with the following items: a +0
                  | quarterstaff, a +0 cloak, a potion of haste, a +0 robe; and
                  | the following spell memorised: Slow; and the following
                  | spells available to memorise: Inner Flame, Portal
                  | Projectile.
     0 | D:1      | Reached XP level 1. HP: 23/23 MP: 4/4
   123 | D:1      | Reached XP level 2. HP: 29/29 MP: 3/5
   654 | D:1      | Reached XP level 3. HP: 35/35 MP: 0/7
  1025 | D:2      | Reached skill level 1 in Invocations
  1208 | D:2      | Reached skill level 1 in Short Blades
  1208 | D:2      | Reached skill level 1 in Long Blades
  1208 | D:2      | Reached skill level 1 in Axes
  1208 | D:2      | Reached skill level 1 in Maces & Flails
  1208 | D:2      | Reached skill level 1 in Polearms
  1208 | D:2      | Reached skill level 1 in Ranged Weapons
  1208 | D:2      | Reached skill level 1 in Throwing
  1208 | D:2      | Reached skill level 1 in Armour
  1208 | D:2      | Reached skill level 1 in Shields
  1208 | D:2      | Reached skill level 1 in Unarmed Combat
  1208 | D:2      | Reached skill level 1 in Evocations
  1259 | D:2      | Reached XP level 4. HP: 28/41 MP: 5/8
  1629 | D:2      | Found Ilaof's Antique Weapon Shoppe.
  1971 | D:3      | Noticed Terence
  2024 | D:3      | Killed Terence
  2025 | D:3      | Reached skill level 1 in Conjurations
  2025 | D:3      | Reached skill level 1 in Summonings
  2025 | D:3      | Reached skill level 1 in Necromancy
  2025 | D:3      | Reached skill level 1 in Translocations
  2025 | D:3      | Reached skill level 1 in Transmutations
  2025 | D:3      | Reached skill level 1 in Fire Magic
  2025 | D:3      | Reached skill level 1 in Ice Magic
  2025 | D:3      | Reached skill level 1 in Air Magic
  2025 | D:3      | Reached skill level 1 in Earth Magic
  2025 | D:3      | Reached skill level 1 in Poison Magic
  2290 | D:3      | Learned a level 2 spell: Blink
  2309 | D:3      | Reached XP level 5. HP: 29/47 MP: 9/9
  3002 | D:3      | Learned a level 3 spell: Inner Flame
  3143 | D:4      | Splashed by a jelly's acid

Illustrated notes

Levels and vault maps discovered:
D:1:      moated_graveyard_arrival, layout_basic
D:2:      layout_basic, serial_shops, shop, eino_tiny_chamber, minmay_tripent
D:3:      layout_basic, minmay_cupped, uniq_terence
D:4:      layout_basic, nicolae_qazlal_beasts_of_the_sky,
          okawaru_ov_weapons_minmay, nrook_mini_vaults

Skill      XL: |  1  2  3  4  5 |
---------------+----------------+-----
Invocations    | 1 |  1.8
Short Blades   | 1 |  1.6
Long Blades    | 1 |  1.6
Axes           | 1 |  1.6
Maces & Flails | 1 |  1.6
Polearms       | 1 |  1.6
Ranged Weapons | 1 |  1.6
Throwing       | 1 |  1.6
Armour         | 1 |  1.6
Shields        | 1 |  1.6
Unarmed Combat | 1 |  1.6
Evocations     | 1 |  1.6
Spellcasting   | 3 |  3.2
Conjurations   | 1 |  1.3
Summonings     | 1 |  1.3
Necromancy     | 1 |  1.3
Translocations | 1 |  1.3
Transmutations | 1 |  1.3
Fire Magic     | 1 |  1.3
Ice Magic      | 1 |  1.3
Air Magic      | 1 |  1.3
Earth Magic    | 1 |  1.3
Poison Magic   | 1 |  1.3
Staves         | 3 |  3.0
Dodging        | 3 |  3.0
Hexes          | 4 |  4.0
Fighting       | |  6.7
Stealth        | |  4.4

Action                     |  1- 3 |  4- 6 || total
---------------------------+-------+-------++-------
  Melee: Quarterstaff      |    12 |       ||    12
         Dagger            |   177 |   236 ||   413
         Bite              |    19 |    29 ||    48
         Punch             |     1 |     4 ||     5
   Cast: Slow              |    37 |    35 ||    72
    Use: Potion            |       |     2 ||     2
   Stab: Sleeping          |     7 |     4 ||    11
         Distracted        |       |     1 ||     1
         Invisible         |       |     1 ||     1
 Armour: Robe              |    32 |    16 ||    48
         Leather armour    |       |     8 ||     8
  Dodge: Dodged            |    94 |    66 ||   160
